 Dungeon Crawl Stone Soup version 0.31-a0-4-gefa6de2278 (console) character file.

Game seed: 3294470236994943916

4820 Ignak the Trooper (level 10, -5/100 HPs)
             Began as an Ogre Hedge Wizard on May 4, 2023.
             Was an Elder of Okawaru.
             Killed from afar by an acid dragon (35 damage)
             ... with a splash of acid
             ... on level 7 of the Dungeon.
             The game lasted 00:25:35 (9700 turns).

Ignak the Trooper (Ogre Hedge Wizard)               Turns: 9700, Time: 00:25:35

Health: -5/100     AC:  1    Str: 18    XL:     10   Next: 48%
Magic:  9/20       EV: 10    Int: 17    God:    Okawaru [****..]
Gold:   304        SH:  0    Dex:  8    Spells: 6/22 levels left

rFire   . . .        p - +2 flail (holy)
rCold   . . .        (no shield)
rNeg    + . .        b - +0 robe
rPois   .            c - +0 hat
rElec   .            r - +1 cloak
rCorr   .            (gloves unavailable)
SInv    .            (boots unavailable)
Will    +....        (no amulet)
Stlth   +            n - ring of positive energy
HPRegen 0.36/turn    (no ring)
MPRegen 0.17/turn

%: no passive effects
@: corroded
A: large, unfitting armour, tough skin 1
a: Renounce Religion, Heroism, Finesse


You were on level 7 of the Dungeon.
You worshipped Okawaru.
Okawaru was greatly pleased with you.
You visited 1 branch of the dungeon, and saw 8 of its levels.
You also visited: Sewer.

You collected 304 gold pieces.

Inventory:

Hand Weapons
 p - a +2 flail of holy wrath (weapon)
Missiles
 l - 48 poisoned darts (quivered)
Armour
 b - a +0 robe (worn)
 c - a +0 hat (worn)
 r - a +1 cloak (worn)
Jewellery
 j - an amulet of faith
 n - a ring of positive energy (left hand)
Wands
 g - a wand of polymorph (15)
 h - a wand of mindburst (28)
 v - a wand of flame (69)
Scrolls
 q - a scroll of vulnerability
 s - 3 scrolls of teleportation
 t - a scroll of enchant armour {unknown}
Potions
 a - 5 potions of curing
 d - a potion of magic
 e - 3 potions of flight
 f - 4 potions of heal wounds
 i - a potion of haste {unknown}
 k - a potion of might {unknown}
 m - 3 potions of invisibility {unknown}
 o - a potion of lignification {unknown}
 u - a potion of cancellation {unknown}
 w - a potion of attraction {unknown}
 x - 2 potions of ambrosia


   Skills:
 + Level 6.8 Fighting
 + Level 4.5 Maces & Flails
 + Level 5.0 Dodging
 - Level 1.4 Stealth
 + Level 6.7 Spellcasting
 - Level 4.0 Conjurations
 - Level 1.0 Summonings
 - Level 3.0 Translocations
 + Level 3.1 Transmutations
 - Level 1.0 Air Magic
 * Level 6.2 Poison Magic
 + Level 5.1 Invocations


You had 6 spell levels left.
You knew the following spells:

 Your Spells              Type           Power      Damage    Failure   Level
a - Magic Dart            Conj           76%        1d6       2%          1
b - Blink                 Tloc           30%        N/A       5%          2
d - Mephitic Cloud        Conj/Pois/Air  18%        N/A       8%          3
e - Call Imp              Summ           18%        N/A       12%         2
f - Searing Ray           Conj           38%        2d5       3%          2
x - Wereblood             Tmut           16%        N/A       4%          2
z - Olgreb's Toxic Radia  Pois           26%        N/A       9%          4

Your spell library contained the following spells:

 Spells                   Type           Power      Damage    Failure   Level
 Sting                    Tmut/Pois      84%        1d7       1%          1
 Shock                    Conj/Air       56%        1d6       4%          1
 Poisonous Vapours        Pois/Air       36%        N/A       4%          2
 Cigotuvi's Dreadful Rot  Necr/Pois/Air  26%        N/A       7%          2
 Gell's Gravitas          Tloc           15%        N/A       11%         3
 Teleport Other           Tloc           15%        N/A       11%         3
 Slow                     Hex            20%        N/A       12%         1
 Sublimation of Blood     Necr           5%         N/A       19%         2
 Swiftness                Air            9%         N/A       24%         3
 Fulminant Prism          Conj/Hex       6%         3d7       45%         4
 Airstrike                Air            4%         2d(1-17)  61%         4
 Dispersal                Tloc           7%         N/A       99%         6
 Summon Hydra             Summ           Unusable   N/A       N/A         7

Dungeon Overview and Level Annotations

Branches:
Dungeon (8/15)             Temple (0/1) D:7           Sewer (visited)
   Lair: D:8-11

Altars:
Gozag
Hepliaklqana
Nemelex Xobeh
Okawaru
Sif Muna
Trog
Xom

Shops:
D:7 !


Innate Abilities, Weirdness & Mutations

You are too large for most types of armour.
You have tough skin. (AC +1)


Message History

The searing ray hits the acid dragon!
The acid dragon is moderately wounded.
The acid dragon barely misses you. The acid dragon claws you.
The searing ray hits the acid dragon!
The acid dragon is heavily wounded.
The acid dragon bites you! The acid dragon claws you.
The searing ray misses the acid dragon.
You finish channelling your searing ray.
The acid dragon misses you. The acid dragon barely misses you.
Casting: Searing Ray (safe; 3% risk of failure)
Confirm with . or Enter, or press ? or * to list all spells.
Aiming: Searing Ray (safe; 3% risk of failure)
Press: ? - help, Shift-Dir - straight line The searing ray hits the acid dragon.
The acid dragon is severely wounded. (Press . to maintain the ray.)
The acid dragon bites you! The acid dragon completely misses you.
The searing ray hits the acid dragon but does no damage.
The acid dragon is severely wounded.
The acid dragon closely misses you. The acid dragon barely misses you.
The searing ray hits the acid dragon.
The acid dragon is severely wounded.
The acid dragon bites you! The acid dragon claws you.
The searing ray hits the acid dragon.
The acid dragon is almost dead.
You finish channelling your searing ray.
The acid dragon bites you.
* * * LOW HITPOINT WARNING * * *
The acid dragon claws you.
* * * LOW HITPOINT WARNING * * *
Casting: Searing Ray (safe; 3% risk of failure)
Confirm with . or Enter, or press ? or * to list all spells.
Aiming: Searing Ray (safe; 3% risk of failure)
Press: ? - help, Shift-Dir - straight line The searing ray hits the acid dragon.
The acid dragon is almost dead. (Press . to maintain the ray.)
The acid dragon spits acid at you. The splash of acid hits you!!
You die...

.....#..................###......
.....#....###..........#####...##
.....#....###..........'...##...#
.......##..##..........'...##....
##....###......#.......'...##....
#......#####..###......#####..#..
....##....###..##.......###......
.................D..............)
..≈≈≈≈≈≈≈≈≈.....@...#''#.......##
..≈.......≈....÷...##.[##......#
..≈.§≈.§≈.≈........##..##.....###
..≈.≈...≈.≈.........####......###
..≈.§._.≈.≈..........##.......##.
..≈.≈...≈§≈...................##.
..≈§§≈≈≈≈§......#...###..##....#.
..≈......§≈.....##..####....##...
..≈≈≈≈≈≈≈≈≈....####.##......##)..


You could see an acid dragon (catching breath).

Vanquished Creatures
  A two-headed ogre (D:6)
  The ghost of Numeracy the Nimble, a novice DjIE of Makhleb (D:7)
  A hornet (D:7)
  Prince Ribbit (D:5)
  Sigmund (D:4)
  5 yaks
  Grum (D:7)
  Eustachio (D:4)
  2 water moccasins
  2 ice beasts
  A wolf (D:7)
  3 kobold brigands
  A bullfrog (D:7)
  A scorpion (D:4)
  7 killer bees (D:7)
  2 jellies
  2 gnoll boudas (D:7)
  13 hounds
  An orc priest (D:6)
  Crazy Yiuf (D:4)
  A sleepcap (D:5)
  Ijyb (D:4)
  2 iguanas
  An orc wizard (D:6)
  10 gnolls
  6 adders
  3 river rats
  2 shadow imps
  2 white imps (D:6)
  An ufetubus (D:4)
  A worm (D:2)
  A dart slug (D:4)
  22 orcs
  4 ball pythons
  5 bats
  8 endoplasms
  2 giant cockroaches (D:1)
  7 hobgoblins
  2 jackals (Sewer)
  18 kobolds
  5 quokkas
  5 frilled lizards
  10 goblins
  11 rats
178 creatures vanquished.

Vanquished Creatures (collateral kills)
  A bullfrog (D:3)
  A dart slug (D:1)
  A giant cockroach (D:1)
  A hobgoblin (D:2)
  3 ball pythons
  A bat (D:2)
  3 goblins (D:1)
  2 kobolds (D:3)
  A rat (D:1)
14 creatures vanquished.

Vanquished Creatures (others)
  A goblin (D:4)
  6 plants (D:1)
7 creatures vanquished.

Grand Total: 199 creatures vanquished

Notes
Turn   | Place    | Note
-------+----------+-------------------------------------------
     0 | D:1      | Ignak the Ogre Hedge Wizard began the quest for the Orb.
     0 | D:1      | Reached XP level 1. HP: 16/16 MP: 5/5
    40 | D:1      | Reached skill level 1 in Summonings
    98 | D:1      | Reached skill level 1 in Conjurations
    98 | D:1      | Reached skill level 1 in Translocations
   190 | D:1      | Reached XP level 2. HP: 23/26 MP: 6/6
   273 | D:1      | Learned a level 2 spell: Blink
   276 | D:1      | Learned a level 2 spell: Call Imp
   523 | D:1      | Reached skill level 1 in Fighting
   608 | D:1      | Reached XP level 3. HP: 12/33 MP: 5/8
  1548 | D:2      | Learned a level 3 spell: Mephitic Cloud
  1585 | D:2      | Reached XP level 4. HP: 26/41 MP: 10/10
  1930 | D:3      | Noticed a bullfrog
  1951 | D:3      | Killed a bullfrog
  1952 | D:3      | Reached skill level 1 in Maces & Flails
  1952 | D:3      | Reached XP level 5. HP: 26/49 MP: 5/11
  2037 | D:3      | Learned a level 2 spell: Searing Ray
  2617 | D:3      | Found a bloodstained altar of Trog.
  2629 | D:3      | Found an opulent altar of Gozag.
  2707 | D:3      | Found an iron altar of Okawaru.
  2765 | D:3      | Became a worshipper of Warmaster Okawaru
  2992 | D:4      | Reached skill level 1 in Poison Magic
  3055 | D:4      | Reached XP level 6. HP: 48/59 MP: 6/12
  3168 | D:4      | Found a shimmering altar of Xom.
  3204 | D:4      | Reached skill level 1 in Air Magic
  3204 | D:4      | Reached skill level 1 in Invocations
  3334 | D:4      | Noticed Eustachio
  3354 | D:4      | Killed Eustachio
  3354 | D:4      | Reached * piety under Okawaru
  3355 | D:4      | Reached XP level 7. HP: 25/67 MP: 10/13
  3695 | D:4      | Learned a level 4 spell: Olgreb's Toxic Radiance
  3944 | D:4      | Found a runed translucent door.
  3945 | D:4      | Noticed Crazy Yiuf
  3951 | D:4      | Killed Crazy Yiuf
  4091 | D:4      | Noticed Sigmund
  4113 | D:5      | Entered Level 5 of the Dungeon
  4134 | D:4      | Killed Sigmund
  4232 | D:5      | Found a glowing drain.
  4236 | Sewer    | Entered a sewer
  4423 | Sewer    | Reached XP level 8. HP: 56/78 MP: 5/15
  4423 | Sewer    | Reached ** piety under Okawaru
  4586 | Sewer    | Found a white marble altar of Elyvilon.
  4816 | D:4      | Noticed Ijyb
  4827 | D:4      | Killed Ijyb
  5058 | D:5      | Reached skill level 5 in Spellcasting
  5600 | D:5      | Noticed Prince Ribbit
  5616 | D:5      | Killed Prince Ribbit
  6256 | D:6      | Found a sparkling altar of Nemelex Xobeh.
  6547 | D:6      | Learned a level 2 spell: Wereblood
  6633 | D:6      | Noticed a two-headed ogre
  6675 | D:6      | Killed a two-headed ogre
  6675 | D:6      | Reached *** piety under Okawaru
  6676 | D:6      | Reached skill level 5 in Fighting
  6676 | D:6      | Reached skill level 1 in Transmutations
  6676 | D:6      | Reached XP level 9. HP: 49/88 MP: 2/17
  6959 | D:7      | Found a shimmering blue altar of Sif Muna.
  7573 | D:7      | Found a staircase to the Ecumenical Temple.
  7668 | D:7      | Noticed a hornet
  7675 | D:7      | Noticed Numeracy's ghost (novice DjIE)
  7718 | D:7      | Found a transporter.
  7722 | D:7      | Found a transporter.
  7731 | D:7      | Reached **** piety under Okawaru
  7732 | D:7      | Reached skill level 5 in Poison Magic
  7734 | D:7      | Killed a hornet
  7908 | D:7      | Reached XP level 10. HP: 80/98 MP: 19/19
  8010 | D:7      | Found Lenu Xao's Distillery.
  8029 | D:7      | Found a hazy altar of Hepliaklqana.
  8151 | D:7      | Noticed Grum
  8160 | D:7      | Killed Grum
  8809 | D:7      | Killed Numeracy's ghost
  9267 | D:8      | Reached skill level 5 in Invocations
  9473 | D:7      | Reached skill level 5 in Dodging
  9700 | D:7      | Killed from afar by an acid dragon

Illustrated notes

Levels and vault maps discovered:
D:1:      dpeg_arrival_tiny_g, layout_basic, serial_forest,
          infiniplex_forest_split, infiniplex_forest_lined_1,
          infiniplex_forest_end_2, infiniplex_forest_fountain,
          infiniplex_forest_end_2, infiniplex_forest_lined_3,
          chequers_serial_rivers_marsh, minmay_pentomino_z4
D:2:      layout_basic
D:3:      layout_basic, mainiacjoe_overflow_alcove_1, grunt_gozag_breadcrumbs,
          mainiacjoe_overflow_catwalk
D:4:      layout_rooms, xom_confusion_cloud, serial_corexii_hall,
          corexii_hall_statues_l, corexii_hall_statues_u,
          corexii_hall_statues_u, corexii_hall_statues_i,
          chequers_hall_statues_corner_a, corexii_hall_statues_l, uniq_ijyb,
          uniq_crazy_yiuf_cottage, uniq_eustachio, uniq_sigmund
D:5:      layout_cave_pools, gup_sewer_entry_bowl, uniq_prince_ribbit1
D:6:      layout_basic, nemelex_diamond_rough_becter
D:7:      layout_cave_pools, kennysheep_little_box,
          mainiacjoe_overflow_concentric_impassable,
          minmay_temple_entry_statues_fountains, serial_gnoll_camp,
          gnoll_camp_mini_basic, grums_kennel, gnoll_camp_mini_hut,
          gnoll_camp_mini_shop, gammafunk_ghost_hive, minmay_crossroads
D:8:      layout_rooms, serial_shops, nicolae_lakefront_shop, minivault_19,
          lemuel_flamethrower_1

Skill      XL: |  1  2  3  4  5  6  7  8  9 10 |
---------------+-------------------------------+-----
Summonings     | 1 |  1.0
Conjurations   | 1 2 3 4 |  4.0
Translocations | 1 2 3 |  3.0
Dodging        | 2 3 4 5 |  5.0
Fighting       | 1 2 3 5 6 |  6.8
Spellcasting   | 4 5 6 |  6.7
Maces & Flails | 1 2 3 4 |  4.5
Poison Magic   | 1 2 4 5 6 |  6.2
Air Magic      | 1 |  1.0
Invocations    | 1 2 3 4 5 |  5.1
Transmutations | 1 2 3 |  3.1
Stealth        | |  1.4

Action                     |  1- 3 |  4- 6 |  7- 9 | 10-12 || total
---------------------------+-------+-------+-------+-------++-------
  Melee: Short sword       |    18 |       |       |       ||    18
         Dagger            |     7 |       |       |       ||     7
         Club              |   139 |    56 |       |       ||   195
         Punch             |     2 |     1 |     4 |       ||     7
         Flail             |       |    59 |   178 |    69 ||   306
  Throw: Dart              |       |     1 |    11 |       ||    12
   Cast: Magic Dart        |    14 |       |       |       ||    14
         Call Imp          |     9 |     4 |       |       ||    13
         Mephitic Cloud    |       |     5 |     8 |     1 ||    14
         Searing Ray       |       |     5 |    16 |    12 ||    33
         Olgreb's Toxic Ra |       |       |    16 |     7 ||    23
         Blink             |       |       |     2 |     6 ||     8
         Wereblood         |       |       |     1 |       ||     1
 Invoke: Heroism           |       |       |       |     1 ||     1
         Finesse           |       |       |       |     1 ||     1
  Evoke: Wand              |       |       |     8 |       ||     8
    Use: Scroll            |     1 |       |     4 |       ||     5
         Potion            |       |       |     2 |       ||     2
   Stab: Confused          |       |     1 |     3 |       ||     4
         Sleeping          |       |     1 |       |       ||     1
         Distracted        |       |       |       |     1 ||     1
 Armour: Robe              |    78 |    29 |    63 |    24 ||   194
  Dodge: Dodged            |   102 |    75 |   152 |    49 ||   378

Table legend: (Time is in decaauts)
 A = Elapsed time spent in this place.
 B = Non-inter-level travel time spent in this place.
 C = Inter-level travel time spent in this place.
 D = Time resting spent in this place.
 E = Time spent auto-exploring this place.
 F = Levels seen in this place.
 G = Mean time per level.
                   A        B        C        D        E       F      G
               +--------+--------+--------+--------+--------+-----+--------+
         Total |   9830 |   9584 |    246 |   2480 |   4256 |   9 | 1092.2 |
       Dungeon |   9378 |   9132 |    246 |   2333 |   4126 |   8 | 1172.2 |
         Sewer |    451 |    451 |      0 |    147 |    130 |   1 |  451.0 |
               +--------+--------+--------+--------+--------+-----+--------+

Top non-repeatable levels by time:
     D:7: 2548 daAuts
     D:4: 1324 daAuts
     D:5: 1293 daAuts
     D:1: 1189 daAuts
     D:6: 1087 daAuts
     D:3: 1016 daAuts
     D:2: 885 daAuts
   Sewer: 451 daAuts
     D:8: 32 daAuts
